Map: Cerulean Fall LE

Players

realist

  • Race: Terran Terran
  • League: Diamond
  • Spawn Location: 7:00

llIllllIllll - Winner!

  • Race: Protoss Protoss
  • League: Master
  • Spawn Location: 1:00

VOD

Have the link to the VOD?

Description

Time

  • Played on: Jan. 11, 2019, 9:29 p.m.
  • Length: 6:23
Show
View Real Time Build Order
Export as new Build Order

realist Terran 

Build Orders: Gas First Reaper Expand 

Get SALT Encoding   

  12  0:00  SCV  
  13  0:12  SCV  
  14  0:17  Supply Depot  
  14  0:24  SCV  
  15  0:30  Refinery  
  15  0:39  SCV  
  16  0:45  Barracks  
  16  0:51  SCV  
  17  1:03  SCV  
  18  1:15  SCV  
  19  1:31  Orbital Command  
  19  1:32  Reaper  
  20  1:48  Command Center  
  17  2:22  Reaper  
  16  3:10  Barracks  
  16  3:16  SCV  
  17  3:28  SCV  
  18  3:53  Barracks  
  18  4:02  Marine  
  19  4:03  Supply Depot  
  19  4:14  Barracks  
  19  4:38  Marine  
  20  4:43  Orbital Command  
  19  5:15  Marine  
  19  5:19  Marine  
  21  5:27  Marine  
Show
View Real Time Build Order
Export as new Build Order

llIllllIllll Protoss - Winner!

Build Orders:  

Get SALT Encoding   

  12  0:02  Probe  
  14  0:14  Probe  
  14  0:23  Pylon  
  14  0:26  Probe  
  15  0:41  Probe  
  16  0:51  Assimilator  
  16  1:02  Probe  
  17  1:14  Probe  
  18  1:26  Probe  
  19  1:39  Probe  
  20  1:51  Probe  
  21  2:03  Probe  
  22  2:15  Probe  
  23  2:34  Forge  
  23  2:46  Pylon  
  23  2:55  Probe  
  23  3:07  Probe  
  24  3:19  Gateway  
  24  3:32  Pylon  
  24  3:34  Pylon  
  24  3:35  Pylon  
  24  3:43  Pylon  
  24  3:48  Probe  
  25  3:54  Gateway  
  25  3:56  Photon Cannon  
  25  4:00  Probe  
  26  4:04  Photon Cannon  
  26  4:15  Zealot  
  28  4:17  Cybernetics Core  
  28  4:21  Assimilator  
  28  4:30  Pylon  
  28  4:48  Gateway  
Tags
 
Add a new tag
Caveats
  • Supply blocks, unpowered buildings, or Contaminate may cause inaccurate times.
  • Supply counts are checked every 10 seconds.